 Dungeon Crawl Stone Soup version 0.19.1 (webtiles) character file.

92 esteth the Magician (level 4, -3/24 HPs)
             Began as a Deep Elf Wizard on Dec 13, 2016.
             Slain by Philosophy's ghost (12 damage)
             ... on level 3 of the Dungeon.
             The game lasted 00:15:38 (2708 turns).

esteth the Magician (Deep Elf Wizard)               Turns: 2708, Time: 00:15:39

Health: -3/24      AC:  4    Str:  4    XL:     4   Next: 35%
Magic:  13/13      EV: 13    Int: 24    God:
Gold:   128        SH:  0    Dex: 13    Spells: 4 memorised, 5 levels left

rFire  + . .     SeeInvis .     u - +3 flail (holy)
rCold  . . .     Gourm    .     a - +0 robe
rNeg   . . .     Faith    .     (no shield)
rPois  .         Spirit   .     b - +0 hat
rElec  .         Reflect  .     (no cloak)
rCorr  .         Harm     .     (no gloves)
MR     .....                    (no boots)
Stlth  ++........               (no amulet)
                                v - ring of protection from fire
                                j - +2 ring of protection

@: no status effects
A: no striking features
a: no special abilities


You were on level 3 of the Dungeon.
You were hungry.

You visited 1 branch of the dungeon, and saw 3 of its levels.

You collected 128 gold pieces.

Inventory:

Hand Weapons
 u - a +3 flail of holy wrath (weapon)
Armour
 a - a +0 robe (worn)
 b - a +0 hat (worn)
Jewellery
 j - a +2 ring of protection (left hand)
 v - a ring of protection from fire (right hand)
Scrolls
 e - a scroll of enchant armour {unknown}
 h - 2 scrolls of teleportation
 i - a scroll of immolation {unknown}
 n - 2 scrolls of identify
 o - a scroll of enchant weapon {unknown}
 p - a scroll of magic mapping {unknown}
 s - a scroll of amnesia {unknown}
Potions
 d - 2 potions of magic {unknown}
 f - 4 potions of curing {unknown}
 g - 3 potions of heal wounds {unknown}
 l - a potion of degeneration {unknown}
 m - a potion of agility {unknown}
 q - a potion of resistance {unknown}
Books
 c - a book of Minor Magic

   Spells                             Type                      Level
   a - Magic Dart                     Conjuration                  1
   b - Blink                          Translocation                2
   c - Call Imp                       Summoning                    2
   d - Repel Missiles                 Charms/Air                   2
   e - Slow                           Hexes                        2
   f - Conjure Flame                  Conjuration/Fire             3
   g - Mephitic Cloud                 Conjuration/Poison/Air       3
Comestibles
 k - 2 meat rations
 t - a bread ration


   Skills:
 - Level 2.7 Dodging
 - Level 2.4 Stealth
 + Level 5.3 Spellcasting
 - Level 3.5 Conjurations
 + Level 1.2 Summonings
 - Level 1.1 Translocations
 + Level 0.7 Poison Magic


You had 5 spell levels left.
You knew the following spells:

 Your Spells              Type           Power        Failure   Level  Hunger
a - Magic Dart            Conj           ###.         1%          1    None
b - Blink                 Tloc           N/A          12%         2    None
c - Call Imp              Summ           ##......     10%         2    None
d - Mephitic Cloud        Conj/Pois/Air  ##......     17%         3    ##.....


Dungeon Overview and Level Annotations

Branches:
Dungeon (3/15)

Altars:
Qazlal

Annotations:
D:3 Philosophy's ghost, amateur VSFi


Message History

Confirm with . or Enter, or press ? or * to list all spells.
Aiming: Magic Dart
Press: ? - help, Shift-Dir - straight line, f - goblin
Aim: a goblin The magic dart hits the goblin.
You kill the goblin!
You start resting.
Your crimson imp blinks!
Your crimson imp disappears in a puff of smoke!
HP restored.
Magic restored.
You climb downwards.
Level annotation: Philosophy's ghost, amateur VSFi Philosophy's ghost hits you!
Ouch! That really hurt!
The orc closely misses you. Philosophy's ghost misses you.
There is a stone staircase leading up, spattered with blood here.
The orc completely misses you. Philosophy's ghost hits you!
Ouch! That really hurt!
You die...

.. #.# .#.# #.####.# #.#
.#.# #.##...#####.# .#. .#
#.##.........##.# # .##
#.##.#..........#.# ...
#.#........#.#.##.# .# #
##.#.....##.#.#.#..# .##
#.#..#.....<$.......#
.......#.#......@W.....#.###
...............o.......#.#
.###.....#..#............#
........##..#.......#..#.#
.####...##.........##..#.#
.####...##..#....#.##..#.#
.................#.##..#.#
#...................>....#
#.###...###.#....#.#...#.#


You could see Philosophy's ghost and an orc.

Vanquished Creatures
  3 adders
  An ooze (D:2)
  2 dart slugs
  2 leopard geckos (D:3)
  An orc (D:2)
  3 giant cockroaches
  6 goblins
  4 hobgoblins (D:1)
  A ball python (D:1)
  5 bats
  7 frilled lizards
  7 kobolds
  6 rats
48 creatures vanquished.

Vanquished Creatures (collateral kills)
  6 orcs
  A hobgoblin (D:3)
  A kobold (D:2)
8 creatures vanquished.

Grand Total: 56 creatures vanquished

Notes
Turn   | Place    | Note
-------+----------+-------------------------------------------
     0 | D:1      | esteth the Deep Elf Wizard began the quest for the Orb.
     0 | D:1      | Reached XP level 1. HP: 10/10 MP: 7/7
   262 | D:1      | Reached XP level 2. HP: 13/15 MP: 4/9
   404 | D:1      | Learned a level 2 spell: Blink
   407 | D:1      | Learned a level 2 spell: Call Imp
  1152 | D:2      | Reached XP level 3. HP: 19/19 MP: 7/11
  1157 | D:2      | Learned a level 3 spell: Mephitic Cloud
  1485 | D:2      | Reached skill level 5 in Spellcasting
  1698 | D:2      | Found a stormy altar of Qazlal.
  2154 | D:2      | Reached XP level 4. HP: 16/24 MP: 4/13
  2619 | D:3      | Noticed Philosophy's ghost (amateur VSFi)
  2708 | D:3      | Slain by Philosophy's ghost

Skill      XL: |  1  2  3 |
---------------+----------+-----
Conjurations   | 2 3 |  3.5
Spellcasting   | 5 |  5.3
Dodging        | |  2.7
Stealth        | |  2.4
Summonings     | |  1.2
Translocations | |  1.1
Poison Magic   | |  0.7

Action                   |  1- 3 |  4- 6 || total
-------------------------+-------+-------++-------
Melee: Unarmed           |     3 |       ||     3
       Flail             |       |     1 ||     1
 Cast: Magic Dart        |    99 |    16 ||   115
       Call Imp          |    11 |     6 ||    17
       Mephitic Cloud    |     3 |     1 ||     4
  Use: Scroll            |       |     2 ||     2
  Eat: Bread ration      |     1 |       ||     1
Armor: Robe              |    33 |     2 ||    35
Dodge: Dodged            |    75 |    11 ||    86
